 Dungeon Sprint DCSS version 0.26-a0-658-gbdda728c12 (webtiles) character file.

Game seed: 67886260160446898

50 sahdkjhfkaj the Gusty (level 3, -1/19 HPs)
             Began as a Tengu Air Elementalist on Oct 4, 2020.
             Was an Initiate of Sif Muna.
             Shot with an arrow by a centaur (8 damage)
             ... in the Dungeon (Sprint IX: "|||||||||||||||||||||||||||||").
             The game lasted 00:00:58 (392 turns).

sahdkjhfkaj the Gusty (Tengu Air Elementalist)       Turns: 392, Time: 00:00:59

Health: -1/19      AC:  3    Str:  8    XL:     3   Next: 79%
Magic:  7/10       EV: 13    Int: 16    God:    Sif Muna [......]
Gold:   0          SH:  0    Dex: 20    Spells: 10/11 levels left

rFire    . . .     SeeInvis .   k - +2 scimitar (holy)
rCold    . . .     Faith    .   (no shield)
rNeg     . . .     Spirit   .   a - +0 robe
rPois    .         Reflect  .   (helmet restricted)
rElec    .         Harm     .   l - +0 cloak
rCorr    .         Rampage  .   (no gloves)
MR       .....     NoTele   +   (boots unavailable)
Stlth    ++........             (no amulet)
HPRegen  0.06/turn              m - +3 ring of dexterity
MPRegen  0.12/turn              n - +3 ring of dexterity

@: no status effects
A: beak, talons 3
a: Renounce Religion


You were in the Dungeon.
You worshipped Sif Muna.
Sif Muna was noncommittal.
You visited 1 branch

Inventory:

Hand Weapons
 k - a +2 scimitar of holy wrath (weapon)
Armour
 a - a +0 robe (worn)
 l - a +0 cloak (worn)
Jewellery
 m - a +3 ring of dexterity (left hand)
 n - a +3 ring of dexterity (right hand)
Wands
 j - a wand of iceblast (10)
Scrolls
 g - 3 scrolls of remove curse
 h - 2 scrolls of blinking
 i - 2 scrolls of amnesia
Potions
 b - a potion of invisibility
 c - 4 potions of curing
 d - 3 potions of heal wounds
 e - a potion of haste
 f - 4 potions of magic


   Skills:
 - Level 2.1 Dodging
 - Level 2.0 Stealth
 * Level 4.9 Spellcasting
 + Level 4.7 Conjurations
 + Level 6.1 Air Magic


You had 10 spell levels left.
You knew the following spells:

 Your Spells              Type           Power        Failure   Level
a - Shock                 Conj/Air       ###.         1%          1

Your spell library contained the following spells:

 Spells                   Type           Power        Failure   Level
 Swiftness                Air            ###.....     1%          2
 Static Discharge         Conj/Air       ###.....     4%          3
 Airstrike                Air            ###.......   12%         4
 Lightning Bolt           Conj/Air       ###.......   43%         5


Dungeon Overview and Level Annotations

Branches:
Dungeon (1/1)

Altars:
Cheibriados
Dithmenos
Elyvilon
Fedhas
Gozag
Hepliaklqana
Kikubaaqudgha
Makhleb
Nemelex Xobeh
Okawaru
Qazlal
Ru
Sif Muna
Trog
Uskayaw
Vehumet
Wu Jian
Xom
Yredelemnul
Zin
The Shining One
Beogh
Jiyva
Lugonu


Innate Abilities, Weirdness & Mutations

You have a beak for a mouth.
You have claws for feet.


Message History

The centaur shoots an arrow.
The arrow hits you.
Unknown command.
Casting: Shock (safe; 1% risk of failure)
Confirm with . or Enter, or press ? or * to list all spells.
Aiming: Shock (safe; 1% risk of failure)
Press: ? - help, Shift-Dir - straight line, f/p - centaur
Aim: a centaur, wielding a +0 shortbow and quivering 18 arrows (heavily wounded)
The zap hits the centaur.
The centaur is severely wounded.
The zap hits the two-headed ogre!
The two-headed ogre is moderately wounded.
The zap misses the hound.
The zap hits the ice beast!
The ice beast is heavily wounded.
The zap hits the orc!
You kill the orc!
Sif Muna accepts your kill.
The zap hits the ogre.
The ogre is moderately wounded.
The centaur shoots an arrow.
The arrow hits you!
You die... ▓▓▓▓▓▓▓▓▓▓▓▓▓▓▓▓▓▓▓▓▓▓▓▓ _______'..)(.[[.@'cOhY)O ▓▓▓▓▓▓▓▓▓▓▓▓▓▓▓▓▓▓▓▓▓▓▓▓

You could see a two-headed ogre, an ice beast, an ogre, a centaur and a hound.

Vanquished Creatures
  A worker ant (D)
  An adder (D)
  An ooze (D)
  A worm (D)
  An orc (D)
  A bat (D)
  2 goblins (D)
  A hobgoblin (D)
  A kobold (D)
  A quokka (D)
11 creatures vanquished.

Notes
Turn   | Place    | Note
-------+----------+-------------------------------------------
     0 | D        | sahdkjhfkaj the Tengu Air Elementalist began the quest for
                  | the Orb.
     0 | D        | Reached XP level 1. HP: 10/10 MP: 4/4
    10 | D        | Reached XP level 2. HP: 12/15 MP: 0/7
    79 | D        | Reached skill level 5 in Air Magic
    84 | D        | Reached XP level 3. HP: 5/19 MP: 5/10
    87 | D        | Reached skill level 6 in Air Magic
   329 | D        | Found a roughly hewn altar of Beogh.
   329 | D        | Found a snail-covered altar of Cheibriados.
   329 | D        | Found a shadowy altar of Dithmenos.
   329 | D        | Found a white marble altar of Elyvilon.
   329 | D        | Found a blossoming altar of Fedhas.
   329 | D        | Found an opulent altar of Gozag.
   330 | D        | Found a hazy altar of Hepliaklqana.
   331 | D        | Found a viscous altar of Jiyva.
   332 | D        | Found an ancient bone altar of Kikubaaqudgha.
   333 | D        | Found a corrupted altar of Lugonu.
   334 | D        | Found a burning altar of Makhleb.
   335 | D        | Found a sparkling altar of Nemelex Xobeh.
   336 | D        | Found an iron altar of Okawaru.
   337 | D        | Found a stormy altar of Qazlal.
   338 | D        | Found a sacrificial altar of Ru.
   339 | D        | Found a shimmering blue altar of Sif Muna.
   340 | D        | Found a bloodstained altar of Trog.
   341 | D        | Found a hide-covered altar of Uskayaw.
   342 | D        | Found a radiant altar of Vehumet.
   343 | D        | Found an ornate altar of the Wu Jian Council.
   344 | D        | Found a shimmering altar of Xom.
   345 | D        | Found a basalt altar of Yredelemnul.
   346 | D        | Found a glowing silver altar of Zin.
   347 | D        | Found a glowing golden altar of the Shining One.
   355 | D        | Became a worshipper of Sif Muna the Loreminder
   389 | D        | Noticed a centaur
   389 | D        | Noticed a two-headed ogre
   389 | D        | Noticed an ice beast
   389 | D        | Noticed an ogre
   392 | D        | Shot with an arrow by a centaur

Illustrated notes

Levels and vault maps discovered:
D:        linesprint [early_d, line_temple, items_1, d_10, items_2, lair_1,
          lair_end, items_3, orc_1, orc_end, items_4, d_15, swamp_1, shoals_1,
          snake_1, spider_1, d_20, vaults_1, items_5, swamp_end, shoals_end,
          snake_end, spider_end, vaults_end, d_27, items_6, zot_1, zot_end,
          crypt_end, forest_end, elf_end, slime_end, tomb_end, abyss_end,
          pan_hell_end]

Skill      XL: |  1  2  3 |
---------------+----------+-----
Conjurations   | 2 4 |  4.7
Spellcasting   | 3 4 |  4.9
Air Magic      | 5 6 |  6.1
Dodging        | |  2.1
Stealth        | |  2.0

Action                   || total
-------------------------++-------
Melee: Unarmed           ||     8
       Kick              ||     2
 Cast: Shock             ||     9
  Use: Potion            ||     2
Dodge: Dodged            ||     9

Table legend: (Time is in decaauts)
 A = Elapsed time spent in this place.
 B = Non-inter-level travel time spent in this place.
 C = Inter-level travel time spent in this place.
 D = Time resting spent in this place.
 E = Time spent auto-exploring this place.
 F = Levels seen in this place.
 G = Mean time per level.
                   A        B        C        D        E       F      G
               +--------+--------+--------+--------+--------+-----+--------+
         Total |    400 |    400 |      0 |    307 |      0 |   1 |  400.0 |
       Dungeon |    400 |    400 |      0 |    307 |      0 |   1 |  400.0 |
               +--------+--------+--------+--------+--------+-----+--------+

Top non-repeatable levels by time:
       D: 400 daAuts
